AoeStats
← ema.frigo

Nomad

509947152Analyzed
3v3 RM · 3d ago on Sep 28, 2026· 57m 8s· 6 players
Game mode
Random Map
Map size
210×210
Population
200
Speed
Normal
Resources
Standard
Victory
Conquest
Starting age
Dark Age
Ending age
Imperial Age
RankedLock teamsTeams togetherTeam positionsShared explorationLock speedFull tech treeHidden civsTurbo modeCheats
Victory
Defeat
🇵🇪 Franks · Peru
647
+13
🇺🇸 Ethiopians · United States
626
+14
🇪🇸 Turks · Spain
602
+15
🇷🇺 Spanish · Russia
600
-15
🇷🇸 Italians · Serbia
572
-14
🇹🇷 Goths · Türkiye
553
-13
ema.frigo
10:27 Loom
14:35 Feudal Age
17:35 Man-at-Arms
18:00 Arson
20:00 Forging
20:11 Fishing Lines
20:48 Scale Mail Armor
27:11 Castle Age
32:06 Iron Casting
31:26 Stone Mining
47:38 Gillnets
51:13 Imperial Age
49:35 Stone Shaft Mining
48:50 Gold Mining
49:53 Wheelbarrow
49:03 Town Watch
51:30 Treadmill Crane
51:47 Murder Holes
51:59 Cavalier
52:39 Husbandry
53:58 Conscription
54:48 Blast Furnace
53:56 Scale Barding Armor
54:06 Chain Mail Armor
M2095
12:44 Feudal Age
13:29 Double-Bit Axe
14:32 Horse Collar
18:19 Wheelbarrow
24:49 Castle Age
23:24 Gold Mining
23:25 Stone Mining
25:00 Bloodlines
26:54 Heavy Plow
29:59 Light Cavalry
30:47 Husbandry
31:57 Bow Saw
33:42 Stone Shaft Mining
35:18 Hand Cart
36:13 Pikeman
36:54 Squires
42:19 Scale Barding Armor
42:14 Scale Mail Armor
45:17 Imperial Age
45:33 Anarchy
47:56 Conscription
49:59 Two-Man Saw
50:19 Crop Rotation
50:35 Cavalier
51:47 Perfusion
51:19 Sappers
51:28 Hussar
Anubis
8:57 Loom
21:20 Feudal Age
35:38 Castle Age
36:19 Double-Bit Axe
36:16 Horse Collar
38:07 Heavy Plow
39:19 Bow Saw
51:29 Stone Mining
51:29 Gold Mining
51:38 Murder Holes
52:04 Ballistics
51:56 Masonry
Pugilist7307
17:05 Feudal Age
17:29 Man-at-Arms
26:27 Castle Age
25:37 Double-Bit Axe
26:55 Long Swordsman
31:00 Bow Saw
33:43 Padded Archer Armor
33:34 Fletching
36:37 Husbandry
36:39 Light Cavalry
40:47 Imperial Age
38:53 Wheelbarrow
40:25 Town Watch
40:27 Loom
41:22 Heavy Camel Rider
42:14 Scale Barding Armor
41:33 Halberdier
43:36 Conscription
43:59 Thumb Ring
45:37 Chemistry
47:36 Onager
50:54 Siege Onager
52:09 Heavy Cavalry Archer
56:16 Two-Man Saw
56:53 Torsion Engines
Wolf2110
6:08 Loom
13:26 Feudal Age
14:45 Wheelbarrow
13:57 Double-Bit Axe
16:49 Gold Mining
21:20 Castle Age
22:18 Hand Cart
22:44 Bow Saw
23:58 Gold Shaft Mining
25:33 Stone Mining
26:45 Crossbowman
36:05 Scale Barding Armor
39:18 Imperial Age
36:43 Fletching
36:54 Padded Archer Armor
37:12 Husbandry
40:12 Cavalier
41:14 Chain Barding Armor
41:11 Leather Archer Armor
40:52 Bodkin Arrow
43:04 Conscription
45:25 Plate Barding Armor
44:37 Paladin
48:48 Chivalry
48:20 Cranequins
55:57 Hoardings
56:35 Chemistry
PerkyCake117159
6:59 Loom
15:35 Feudal Age
16:24 Double-Bit Axe
21:42 Castle Age
23:26 Stone Mining
30:54 Gold Mining
32:56 Bow Saw
35:44 Wheelbarrow
37:29 Fishing Lines
41:01 Hand Cart
43:32 Imperial Age
41:03 Town Watch
42:31 Town Patrol
43:49 Horse Collar
44:32 Elite Cannon Galleon
46:02 Conscription
46:50 Artillery
50:05 Elite Janissary
52:14 Two-Man Saw
Connection lost

Rejoining the realm…

Still unreachable

The connection could not be restored.

Session expired

The server has moved on; the page needs a fresh start.